 Dungeon Crawl Stone Soup version 0.26-a0-599-gc8f6553 (webtiles) character file.

Game seed: 11939134820293758561

1276 robertstho the Geomancer (level 8, -2/46 HPs)
             Began as a Gargoyle Earth Elementalist on Aug 28, 2020.
             Killed by nerve-wracking pain
             ... invoked by an orc priest
              (4 damage)
             ... on level 5 of the Dungeon.
             The game lasted 00:06:20 (5161 turns).

robertstho the Geomancer (GrEE)                     Turns: 5161, Time: 00:06:20

Health: -2/46      AC:  8    Str: 10 (13) XL:     8   Next: 54%
Magic:  12/16      EV: 12    Int: 16 (17) God:
Gold:   221        SH:  0    Dex:  8 (10) Spells: 8/18 levels left

rFire    . . .     SeeInvis .   o - +2 war axe (flame)
rCold    . . .     Faith    .   (no shield)
rNeg     + . .     Spirit   .   c - +0 robe
rPois    ∞         Reflect  .   e - +0 helmet
rElec    +         Harm     .   (no cloak)
rCorr    .                      (no gloves)
MR       .....                  (no boots)
Stlth    ++........             (no amulet)
HPRegen  0.15/turn              (no ring)
MPRegen  0.15/turn              (no ring)

@: hasted, very quick
A: negative energy resistance 1, electricity resistance, unbreathing,
petrification resistance, rot immunity, AC +5
a: no special abilities


You were on level 5 of the Dungeon.
You visited 1 branch of the dungeon, and saw 5 of its levels.

You collected 221 gold pieces.

Inventory:

Hand Weapons
 m - a +0 mace
 o - a +2 war axe of flaming (weapon)
Missiles
 b - 30 stones (quivered)
Armour
 c - a +0 robe (worn)
 e - a +0 helmet (worn)
Jewellery
 p - an uncursed ring of resist corrosion {unknown}
Wands
 v - a wand of iceblast (14)
Scrolls
 d - 4 scrolls of enchant armour {unknown}
 f - 2 scrolls of magic mapping {unknown}
 g - 5 scrolls of identify {unknown}
 i - 4 scrolls of teleportation {unknown}
 l - 4 scrolls of remove curse {unknown}
 q - a scroll of enchant weapon {unknown}
 s - 2 scrolls of fog {unknown}
 u - a scroll of random uselessness {unknown}
Potions
 a - a potion of cancellation {unknown}
 h - 3 potions of haste
 j - a potion of degeneration
 k - a potion of lignification {unknown}
 n - 2 potions of heal wounds {unknown}
 r - 2 potions of curing {unknown}
 t - a potion of magic {unknown}


   Skills:
 * Level 3.4 Fighting
 + Level 2.3 Axes
 + Level 2.1 Dodging
 + Level 2.9 Stealth
 * Level 5.9 Spellcasting
 + Level 0.8 Conjurations
 + Level 0.7 Transmutations
 * Level 8.0 Earth Magic


You had 8 spell levels left.
You knew the following spells:

 Your Spells              Type           Power        Failure   Level
a - Sandblast             Erth           ####..       1%          1
b - Passwall              Tmut/Erth      ###.....     3%          2
c - Stone Arrow           Conj/Erth      ###...       7%          3
d - Petrify               Tmut/Erth      ###.....     22%         4

Your spell library contained the following spells:

 Spells                   Type           Power        Failure   Level
 Lee's Rapid Deconstruct  Erth           ####......   14%         5


Dungeon Overview and Level Annotations

Branches:
Dungeon (5/15)
 Temple: D:4-7

Altars:
Ashenzari
Dithmenos
Kikubaaqudgha
Makhleb
Nemelex Xobeh
Qazlal
Wu Jian
Zin


Innate Abilities, Weirdness & Mutations

You are resistant to torment.
Your stone body is resilient. (AC +5)
You are immune to poison.
You resist negative energy. (rN+)
You are resistant to electric shocks. (rElec)
You can survive without breathing.
You are immune to petrification.
You are immune to rotting.


Message History

Aim: an orc priest, wielding a +0 dagger and wearing a +0 leather armour The blast of sand hits the orc priest!
The orc priest is heavily wounded.
b - 30 stones The orc wizard hits you but does no damage.
The orc priest barely misses you.
It was a potion of haste.
You feel yourself speed up. The orc wizard barely misses you.
The orc priest closely misses you.
The orc wizard gestures at you while chanting.
The magic dart hits you.
* * * LOW HITPOINT WARNING * * *
It was a potion of degeneration.
There was something very wrong with that liquid.
You feel weakened.
You feel dopey.
You feel clumsy.
The orc wizard points at you and mumbles some strange words.
The magic dart hits you.
* * * LOW HITPOINT WARNING * * *
The orc priest calls down the wrath of Beogh upon you.
Pain shoots through your body!
You die...

..P♣.## #.............
.PP♣.# ####.............
P.♣### #................
#...............[
#................
#.....>..........
##########...........#####
........#o.......##.## .
)......oo@..........# .
......[.############ ##
......).# ........#
(.......# ........#
........# ......(.#
........#


You could see 2 orc priests and an orc wizard (fast).

Vanquished Creatures
  A centaur skeleton (D:5)
  A sky beast (D:5)
  An ice beast (D:5)
  2 ogres
  A centaur (D:4)
  A big kobold (D:5)
  A bullfrog zombie (D:5)
  3 hounds
  An orc priest (D:3)
  2 bullfrog skeletons
  An orc wizard (D:5)
  2 worker ants
  7 adders
  A shadow imp (D:5)
  An adder zombie (D:5)
  2 adder skeletons
  5 worms (D:2)
  5 dart slugs
  2 leopard geckos
  9 orcs
  6 bats
  4 giant cockroaches
  8 goblins
  4 hobgoblins
  8 jackals (D:2)
  26 kobolds
  2 ball pythons
  A ball python skeleton (D:5)
  4 frilled lizards
  A leopard gecko skeleton (D:4)
  8 rats
121 creatures vanquished.

Vanquished Creatures (others)
  14 plants (D:5)
14 creatures vanquished.

Grand Total: 135 creatures vanquished

Notes
Turn   | Place    | Note
-------+----------+-------------------------------------------
     0 | D:1      | robertstho the Gargoyle Earth Elementalist began the quest
                  | for the Orb.
     0 | D:1      | Reached XP level 1. HP: 10/10 MP: 3/3
   157 | D:1      | Reached skill level 4 in Earth Magic
   218 | D:1      | Reached XP level 2. HP: 15/15 MP: 3/5
   676 | D:1      | Reached XP level 3. HP: 20/20 MP: 3/6
  1048 | D:2      | Reached skill level 1 in Fighting
  1264 | D:2      | Reached XP level 4. HP: 25/25 MP: 4/8
  1445 | D:2      | Reached skill level 5 in Earth Magic
  2004 | D:2      | Reached XP level 5. HP: 29/29 MP: 4/9
  2062 | D:3      | Learned a level 2 spell: Passwall
  2066 | D:3      | Learned a level 3 spell: Stone Arrow
  2071 | D:3      | Learned a level 4 spell: Petrify
  2237 | D:3      | Found a burning altar of Makhleb.
  2237 | D:3      | Found a glowing silver altar of Zin.
  2238 | D:3      | Noticed an angel
  2238 | D:3      | Noticed a cacodemon
  2263 | D:3      | Found a stormy altar of Qazlal.
  2329 | D:3      | Found a faded altar of an unknown god.
  2725 | D:4      | Noticed a centaur
  2730 | D:4      | Killed a centaur
  2730 | D:4      | Reached XP level 6. HP: 7/34 MP: 6/11
  3043 | D:4      | Reached skill level 6 in Earth Magic
  3570 | D:4      | Found a sparkling altar of Nemelex Xobeh.
  3645 | D:4      | Found a shadowy altar of Dithmenos.
  3652 | D:4      | Found an ancient bone altar of Kikubaaqudgha.
  3657 | D:4      | Found an ornate altar of the Wu Jian Council.
  3730 | D:4      | Found a shattered altar of Ashenzari.
  4010 | D:5      | Entered Level 5 of the Dungeon
  4022 | D:5      | Reached skill level 5 in Spellcasting
  4022 | D:5      | Reached skill level 7 in Earth Magic
  4022 | D:5      | Reached XP level 7. HP: 16/40 MP: 8/14
  4351 | D:5      | Reached XP level 8. HP: 21/45 MP: 10/16
  4513 | D:5      | Reached skill level 1 in Axes
  4985 | D:5      | Reached skill level 8 in Earth Magic
  5161 | D:5      | HP: 2/46 [orc wizard/magic dart (5)]
  5161 | D:5      | Killed from afar by an orc priest

Illustrated notes

Levels and vault maps discovered:
D:1:      heliophobic_arrival_ceremonial_halls, layout_basic,
          due_unseen_surprise
D:2:      kb_forest_paths, layout_basic, chequers_temple_overflow_minitemple
D:3:      layout_rooms, grunt_temple_overflow_order_and_chaos_2,
          lemuel_doored_altar, serial_forest, infiniplex_forest_clump_C,
          infiniplex_forest_clump_small, infiniplex_forest_end_double,
          infiniplex_forest_lined_room_2, infiniplex_forest_clump_medium,
          infiniplex_forest_3_way, infiniplex_forest_straight_4,
          infiniplex_forest_clump_curved, chequers_ecumenical_altar_simple
D:4:      layout_basic, lemuel_coloured_pillars_altar,
          nicolae_overflow_crystal_walls, minmay_overflow_temple_star_quad
D:5:      kennysheep_kobold_camp, layout_rooms, kennysheep_mini_moat

Skill      XL: |  1  2  3  4  5  6  7  8 |
---------------+-------------------------+-----
Earth Magic    | 4 5 7 8 |  8.0
Fighting       | 1 2 3 |  3.4
Spellcasting   | 3 5 |  5.9
Axes           | 2 |  2.3
Dodging        | 2 |  2.1
Stealth        | |  2.9
Conjurations   | |  0.8
Transmutations | |  0.7

Action                   |  1- 3 |  4- 6 |  7- 9 || total
-------------------------+-------+-------+-------++-------
Melee: Unarmed           |     1 |     5 |       ||     6
       Mace              |       |     1 |       ||     1
       War axe           |       |     9 |    77 ||    86
 Cast: Sandblast         |    38 |    73 |     5 ||   116
       Stone Arrow       |       |       |    17 ||    17
  Use: Potion            |       |       |     2 ||     2
 Stab: Sleeping          |       |     1 |       ||     1
Armor: Robe              |     6 |    18 |    52 ||    76
Dodge: Dodged            |     7 |    31 |    81 ||   119

Table legend: (Time is in decaauts)
 A = Elapsed time spent in this place.
 B = Non-inter-level travel time spent in this place.
 C = Inter-level travel time spent in this place.
 D = Time resting spent in this place.
 E = Time spent auto-exploring this place.
 F = Levels seen in this place.
 G = Mean time per level.
                   A        B        C        D        E       F      G
               +--------+--------+--------+--------+--------+-----+--------+
         Total |   5199 |   5029 |    170 |    755 |   3638 |   5 | 1039.8 |
       Dungeon |   5199 |   5029 |    170 |    755 |   3638 |   5 | 1039.8 |
               +--------+--------+--------+--------+--------+-----+--------+

Top non-repeatable levels by time:
     D:5: 1187 daAuts
     D:1: 1046 daAuts
     D:4: 1011 daAuts
     D:2: 1002 daAuts
     D:3: 951 daAuts
